 Dungeon Sprint DCSS version 0.20-a0-823-gdec668e (webtiles) character file.

4617 Musica the Eclecticist (level 10, -11/50 HPs)
             Began as a Deep Elf Fire Elementalist on Mar 5, 2017.
             Was a High Priest of Vehumet.
             Killed from afar by a deep elf annihilator (61 damage)
             ... with a poison arrow
             ... in the Dungeon (Sprint III: "The Ten Rune Challenge").
             The game lasted 00:16:04 (2225 turns).

Musica the Eclecticist (Deep Elf Fire Elementalist) Turns: 2225, Time: 00:16:05

Health: -11/50     AC:  6    Str:  5    XL:     10   Next: 19%
Magic:  21/31      EV: 15    Int: 24    God:    Vehumet [*****.]
Gold:   2359       SH:  0    Dex: 15    Spells: 12/40 levels left

rFire    . . .     SeeInvis .   x - +0 short sword (elec)
rCold    . . .     Gourm    .   a - +0 robe
rNeg     . . .     Faith    .   (no shield)
rPois    .         Spirit   .   (no helmet)
rElec    .         Reflect  .   (no cloak)
rCorr    .         Harm     .   (no gloves)
MR       +....     Clarity  +   (no boots) Stlth ++........NoTele +
                                (no amulet)
Regen    0.2/turn               (no ring)
MPRegen  0.3/turn               (no ring)

@: lethally poisoned (-11 -> -28)
A: repulsion field 1, slimy green scales 1, yellow scales 1, clarity
a: Renounce Religion


You were in the Dungeon.
You worshipped Vehumet.
Vehumet was extremely pleased with you.
You were not hungry.

You visited 1 branch You collected 2431 gold pieces.
You spent 72 gold pieces at shops.

Inventory:

Hand Weapons
 t - a +1 long sword of holy wrath
 w - a +2 dagger of draining
 x - a +0 short sword of electrocution (weapon)
 y - a +0 dagger of venom
Armour
 a - a +0 robe (worn)
Scrolls
 i - a scroll of blinking
 l - 2 scrolls of immolation {unknown}
 m - a scroll of identify {unknown}
 n - 4 scrolls of remove curse
 q - a scroll of random uselessness {unknown}
Potions
 d - a potion of curing
 e - 2 potions of heal wounds
 f - a potion of haste
 g - 2 potions of magic
 h - a potion of berserk rage
 k - a potion of might
 p - 2 potions of flight {unknown}
 r - a potion of invisibility {unknown}
Books
 b - a book of Flames

   Spells                             Type                      Level
   a - Flame Tongue                   Conjuration/Fire             1
   b - Throw Flame                    Conjuration/Fire             2
   c - Conjure Flame                  Conjuration/Fire             3
   d - Inner Flame                    Hexes/Fire                   3
   e - Sticky Flame                   Conjuration/Fire             4
   f - Fireball                       Conjuration/Fire             5
 s - a book of Cantrips

   Spells                             Type                      Level
   a - Confusing Touch                Hexes                        1
   b - Animate Skeleton               Necromancy                   1
   c - Summon Small Mammal            Summoning                    1
   d - Apportation                    Translocation                1
 u - a book of Minor Magic

   Spells                             Type                      Level
   a - Magic Dart                     Conjuration                  1
   b - Blink                          Translocation                2
   c - Call Imp                       Summoning                    2
   d - Slow                           Hexes                        2
   e - Conjure Flame                  Conjuration/Fire             3
   f - Mephitic Cloud                 Conjuration/Poison/Air       3
Miscellaneous
 o - a phantom mirror
Comestibles
 c - a bread ration
 j - 4 royal jellies
 v - 7 chunks of flesh


   Skills:
 - Level 2.4 Dodging
 - Level 2.4 Stealth
 + Level 15.9 Spellcasting
 * Level 15.7 Conjurations
 + Level 15.1 Fire Magic


You had 12 spell levels left.
You knew the following spells:

 Your Spells              Type           Power        Failure   Level  Hunger
a - Flame Tongue          Conj/Fire      #####        0%          1    None
b - Throw Flame           Conj/Fire      ######       0%          2    None
c - Conjure Flame         Conj/Fire      #######.     0%          3    None
d - Sticky Flame          Conj/Fire      #######.     1%          4    None
e - Fireball              Conj/Fire      #######...   1%          5    #......
f - Mephitic Cloud        Conj/Pois/Air  #####...     1%          3    None
g - Magic Dart            Conj           ####         0%          1    None
h - Olgreb's Toxic Radia  Pois           ###.....     10%         4    None
i - Bolt of Draining      Conj/Necr      ######....   1%          5    #......


Dungeon Overview and Level Annotations

Branches:
Dungeon (1/1)

Altars:
Cheibriados
Dithmenos
Elyvilon
Fedhas
Gozag
Hepliaklqana
Kikubaaqudgha
Makhleb
Nemelex Xobeh
Okawaru
Qazlal
Ru
Sif Muna
Trog
Uskayaw
Vehumet
Wu Jian
Xom
Yredelemnul
Zin
The Shining One
Beogh
Jiyva
Lugonu

Shops:
D %


Innate Abilities, Weirdness & Mutations

You are surrounded by a mild repulsion field. (EV +2)
You are partially covered in slimy green scales. (AC +2)
You are partially covered in yellow scales. (AC +2)
You possess an exceptional clarity of mind.


Message History

The deep elf annihilator resists.
The deep elf annihilator is moderately wounded.
The deep elf high priest shouts!
The deep elf high priest utters an invocation to its god.
The deep elf high priest begins emitting a brilliant aura!
The deep elf annihilator is empowered by the deep elf high priest's aura!
Casting: Fireball
Confirm with . or Enter, or press ? or * to list all spells.
Aiming: Fireball
Press: ? - help, Shift-Dir - straight line, f/p - deep elf annihilator
Aim: a deep elf annihilator, wielding a flail of holy wrath and wearing a runed robe (moderately wounded, spells empowered)
The fireball explodes!
The fireball engulfs the deep elf annihilator.
The deep elf annihilator resists.
The deep elf annihilator is moderately wounded.
The deep elf annihilator points at you and mumbles some strange words.
The poison arrow hits you!
You are poisoned.
Ouch! That really hurt!
You die...

▓▓▓ #.# ##############
### #.###.##..)).#...#
...'
#.))......##)#...##§§§≈#
#))).....∩##.#...≈≈§e..e
#)))......##.#..@##≈
#.###..#####.'...# #.#
#..# ####### #'######
#....#.# ##)#).# [##[#.#
#.).#..# ▓▓▓▓▓▓▓▓


You could see a deep elf annihilator and a deep elf high priest.

Vanquished Creatures
  2 deep elf knights (D)
  An orc sorcerer (D)
  4 deep elf magi (D)
  A shadow (D)
  A spatial vortex (D)
  3 orc warriors (D)
  A necrophage (D)
  3 two-headed ogres (D)
  A water elemental (D)
  A scorpion (D)
  A jelly (D)
  2 orc priests (D)
  3 orc wizards (D)
  A wizard (D)
  Jessica (D)
  A necromancer (D)
  3 humans (D)
  A kobold demonologist (D)
  An ooze (D)
  9 orcs (D)
  A rat (D)
42 creatures vanquished.

Vanquished Creatures (others)
  2 draconian scorchers (D)
  2 yaktaurs (D)
  6 hellions (D)
10 creatures vanquished.

Grand Total: 52 creatures vanquished

Notes
Turn   | Place    | Note
-------+----------+-------------------------------------------
     0 | D        | Musica the Deep Elf Fire Elementalist began the quest for the Orb.
     0 | D        | Reached XP level 1. HP: 10/10 MP: 6/6
    66 | D        | Noticed Jessica
    68 | D        | Killed Jessica
    68 | D        | Reached skill level 5 in Fire Magic
    68 | D        | Reached XP level 2. HP: 15/15 MP: 5/9
    68 | D        | Reached XP level 3. HP: 19/19 MP: 6/11
    73 | D        | Killed a hellion
    73 | D        | Killed a hellion
    74 | D        | Killed a hellion
    86 | D        | Killed a hellion
   137 | D        | Killed a hellion
   158 | D        | Killed a yaktaur
   164 | D        | Killed a hellion
   186 | D        | Killed a white draconian scorcher
   202 | D        | Killed a white draconian scorcher
   322 | D        | Learned a level 2 spell: Throw Flame
   326 | D        | Learned a level 3 spell: Conjure Flame
   337 | D        | Noticed a scorpion
   341 | D        | Killed a scorpion
   341 | D        | Reached skill level 5 in Spellcasting
   341 | D        | Reached XP level 4. HP: 24/24 MP: 3/13
   362 | D        | Gained mutation: Your body sometimes deteriorates upon taking damage. [potion of mutation]
   362 | D        | Gained mutation: Your flesh is heat resistant. (rF+) [potion of mutation]
   362 | D        | Gained mutation: You tend to lose your temper in combat. [potion of mutation]
   362 | D        | Lost mutation: You tend to lose your temper in combat. [potion of mutation]
   363 | D        | Lost mutation: Your body sometimes deteriorates upon taking damage. [potion of mutation]
   363 | D        | Lost mutation: Your flesh is heat resistant. (rF+) [potion of mutation]
   363 | D        | Gained mutation: You have a pair of small horns on your head. [potion of mutation]
   363 | D        | Gained mutation: Your natural rate of healing is unusually fast. [potion of mutation]
   364 | D        | Lost mutation: You have a pair of small horns on your head. [potion of mutation]
   364 | D        | Lost mutation: Your natural rate of healing is unusually fast. [potion of mutation]
   364 | D        | Gained mutation: You possess an exceptional clarity of mind. [potion of mutation]
   364 | D        | Gained mutation: You are surrounded by a mild repulsion field. (EV +2) [potion of mutation]
   364 | D        | Gained mutation: You are partially covered in slimy green scales. (AC +2) [potion of mutation]
   364 | D        | Gained mutation: You are partially covered in yellow scales. (AC +2) [potion of mutation]
   532 | D        | Noticed a water elemental
   535 | D        | Killed a water elemental
   535 | D        | Reached skill level 5 in Conjurations
   535 | D        | Reached XP level 5. HP: 23/28 MP: 9/16
   541 | D        | Learned a level 4 spell: Sticky Flame
   547 | D        | Learned a level 5 spell: Fireball
   590 | D        | Found a hide-covered altar of Uskayaw.
   590 | D        | Found an iron altar of Okawaru.
   592 | D        | Found a roughly hewn altar of Beogh.
   592 | D        | Found a bloodstained altar of Trog.
   592 | D        | Found an ornate altar of the Wu Jian Council.
   592 | D        | Noticed a human
   594 | D        | Killed a human
   594 | D        | Reached skill level 10 in Fire Magic
   594 | D        | Reached XP level 6. HP: 32/32 MP: 3/19
   595 | D        | Noticed a human
   597 | D        | Killed a human
   730 | D        | Found a glowing silver altar of Zin.
   732 | D        | Found a glowing golden altar of the Shining One.
   732 | D        | Found a white marble altar of Elyvilon.
   734 | D        | Killed a deep elf mage
   734 | D        | Reached skill level 10 in Conjurations
   734 | D        | Reached XP level 7. HP: 36/36 MP: 7/23
   839 | D        | Found a radiant altar of Vehumet.
   855 | D        | Found a deep blue altar of Sif Muna.
   855 | D        | Found an ancient bone altar of Kikubaaqudgha.
   876 | D        | Became a worshipper of Vehumet
   951 | D        | Found a shadowy altar of Dithmenos.
   955 | D        | Found a basalt altar of Yredelemnul.
   955 | D        | Found a sacrificial altar of Ru.
  1041 | D        | Learned a level 3 spell: Mephitic Cloud
  1048 | D        | Reached * piety under Vehumet
  1048 | D        | Offered knowledge of Freeze by Vehumet.
  1048 | D        | Reached XP level 8. HP: 41/41 MP: 16/25
  1051 | D        | Learned a level 1 spell: Magic Dart
  1105 | D        | Found a blossoming altar of Fedhas.
  1105 | D        | Found a stormy altar of Qazlal.
  1105 | D        | Found a snail-covered altar of Cheibriados.
  1105 | D        | Found a burning altar of Makhleb.
  1105 | D        | Found a shimmering altar of Xom.
  1106 | D        | Found a hazy altar of Hepliaklqana.
  1106 | D        | Found an opulent altar of Gozag.
  1106 | D        | Found a sparkling altar of Nemelex Xobeh.
  1106 | D        | Found a corrupted altar of Lugonu.
  1106 | D        | Found a viscous altar of Jiyva.
  1379 | D        | Offered knowledge of Shock by Vehumet.
  1379 | D        | Reached ** piety under Vehumet
  1603 | D        | Killed a yaktaur
  1613 | D        | Offered knowledge of Static Discharge by Vehumet.
  1613 | D        | Reached *** piety under Vehumet
  1620 | D        | Reached **** piety under Vehumet
  1637 | D        | Reached ***** piety under Vehumet
  1788 | D        | Noticed an orc sorcerer
  1790 | D        | Killed an orc sorcerer
  1790 | D        | Offered knowledge of Olgreb's Toxic Radiance by Vehumet.
  1790 | D        | Reached XP level 9. HP: 17/45 MP: 17/28
  1796 | D        | Learned a level 4 spell: Olgreb's Toxic Radiance
  1798 | D        | Offered knowledge of Bolt of Draining by Vehumet.
  1805 | D        | Learned a level 5 spell: Bolt of Draining
  1996 | D        | Offered knowledge of Iron Shot by Vehumet.
  2011 | D        | Found Reuz's Food Emporium.
  2027 | D        | Bought a royal jelly for 24 gold pieces
  2027 | D        | Bought a royal jelly for 24 gold pieces
  2027 | D        | Bought a royal jelly for 24 gold pieces
  2041 | D        | Noticed a deep elf mage
  2041 | D        | Noticed a deep elf knight
  2041 | D        | Noticed a deep elf mage
  2041 | D        | Noticed a deep elf mage
  2041 | D        | Noticed a deep elf knight
  2050 | D        | Killed a deep elf mage
  2050 | D        | Killed a deep elf knight
  2063 | D        | Killed a deep elf mage
  2063 | D        | Reached skill level 15 in Spellcasting
  2065 | D        | Killed a deep elf knight
  2065 | D        | Reached skill level 15 in Conjurations
  2065 | D        | Reached skill level 15 in Fire Magic
  2065 | D        | Reached XP level 10. HP: 50/50 MP: 6/31
  2077 | D        | Killed a deep elf mage
  2219 | D        | Noticed a deep elf annihilator
  2223 | D        | Noticed a deep elf high priest
  2225 | D        | Killed from afar by a deep elf annihilator

Vault maps used:
D:        dungeon_sprint_mu

Skill      XL: |  1  2  3  4  5  6  7  8  9 |
---------------+----------------------------+-----
Conjurations   | 3 4 5 7 10 13 15 | 15.7
Fire Magic     | 5 7 8 10 12 14 15 | 15.1
Spellcasting   | 4 5 7 8 11 13 15 | 15.9
Dodging        | |  2.4
Stealth        | |  2.4

Action                   |  1- 3 |  4- 6 |  7- 9 | 10-12 || total
-------------------------+-------+-------+-------+-------++-------
 Cast: Flame Tongue      |     6 |    11 |    26 |       ||    43
       Throw Flame       |     3 |     2 |     2 |       ||     7
       Conjure Flame     |       |     4 |     7 |       ||    11
       Fireball          |       |     3 |    28 |     3 ||    34
       Sticky Flame      |       |       |     4 |     1 ||     5
       Bolt of Draining  |       |       |       |     1 ||     1
  Use: Potion            |       |     3 |       |       ||     3
  Eat: Fruit             |       |       |     6 |       ||     6
       Chunk             |       |       |     2 |       ||     2
Dodge: Dodged            |       |     1 |     4 |     1 ||     6
       Rpst.: Long sword |       |       |     2 |       ||     2
